 Dungeon Crawl Stone Soup version 0.23-a0-373-g305c090 (webtiles) character file.

133 CanOfBees the Caller (level 5, -3/29 HPs)
             Began as a Tengu Summoner on Oct 25, 2018.
             Killed from afar by an orc wizard (6 damage)
             ... with a magic dart
             ... on level 3 of the Dungeon.
             The game lasted 00:06:12 (3567 turns).

CanOfBees the Caller (Tengu Summoner)               Turns: 3567, Time: 00:06:13

Health: -3/29      AC:  4    Str:  8    XL:     5   Next: 16%
Magic:  5/11       EV: 12    Int: 17    God:
Gold:   137        SH:  0    Dex: 14    Spells: 5/11 levels left

rFire    . . .     SeeInvis .   b - +1 dagger (venom)
rCold    . . .     Gourm    .   (no shield)
rNeg     . . .     Faith    .   l - +2 robe
rPois    .         Spirit   .   (helmet restricted)
rElec    .         Reflect  .   (no cloak)
rCorr    .         Harm     .   (no gloves)
MR       .....                  (boots unavailable)
Stlth    ++........             (no amulet)
HPRegen  0.09/turn              (no ring)
MPRegen  0.12/turn              (no ring)

@: no status effects
A: beak, talons 3, able to fly 1
a: Fly


You were on level 3 of the Dungeon.
You were not hungry.

You visited 1 branch of the dungeon, and saw 3 of its levels.

You collected 137 gold pieces.

Inventory:

Hand Weapons
 a - a +1 short sword of speed
 b - a +1 dagger of venom (weapon)
Missiles
 k - a throwing net (quivered)
Armour
 d - a +2 ring mail of poison resistance
 l - a +2 robe (worn)
Jewellery
 h - an uncursed amulet of rage
 i - an uncursed amulet of harm
Scrolls
 e - 3 scrolls of amnesia
 f - a scroll of teleportation
 g - 2 scrolls of identify
 m - a scroll of enchant weapon
 r - a scroll of enchant armour
 s - 3 scrolls of immolation
Potions
 o - a potion of agility {unknown}
 p - a potion of curing {unknown}
 t - a potion of heal wounds {unknown}
Comestibles
 c - 5 rations
 q - 5 chunks of flesh


   Skills:
 + Level 1.1 Fighting
 - Level 2.1 Dodging
 - Level 2.0 Stealth
 * Level 3.9 Spellcasting
 + Level 5.7 Summonings


You had 5 spell levels left.
You knew the following spells:

 Your Spells              Type           Power        Failure   Level  Hunger
a - Summon Small Mammal   Summ           ###.         1%          1    None
b - Call Imp              Summ           ###.....     2%          2    ##.....
c - Call Canine Familiar  Summ           ###.....     4%          3    ###....

Your spell library contained the following spells:

 Spells                   Type           Power        Failure   Level  Hunger
 Summon Guardian Golem    Hex/Summ       ##......     14%         3    ###....
 Summon Ice Beast         Ice/Summ       ##......     43%         4    ####...
 Summon Lightning Spire   Summ/Air       ##......     43%         4    ####...


Dungeon Overview and Level Annotations

Branches:
Dungeon (3/15)

Altars:
Trog
Xom
The Shining One
Beogh


Innate Abilities, Weirdness & Mutations

You have a beak for a mouth.
You have claws for feet.
You can fly.


Message History

Casting: Call Imp (safe; 2% risk of failure)
Confirm with . or Enter, or press ? or * to list all spells.
A beastly little devil appears in a puff of flame.
The orc priest mumbles some strange prayers to Beogh against you.
Beogh smites you!
Casting: Call Imp (safe; 2% risk of failure)
Confirm with . or Enter, or press ? or * to list all spells.
A metallic apparition takes form in the air.
Casting: Call Imp (safe; 2% risk of failure)
Confirm with . or Enter, or press ? or * to list all spells.
A shadowy apparition takes form in the air.
Your shadow imp says, "I'm here!"
Your crimson imp hits the orc wizard.
The orc priest mumbles some strange prayers to Beogh against you.
Beogh smites you!
* * * LOW HITPOINT WARNING * * *
Your crimson imp hits the orc wizard but does no damage.
The orc wizard gestures at you while chanting.
The magic dart hits you!
You die...

#$.$$.#.......#)####
$8.8$#.......#.##
.o.##......##..###
#'##......####.#..
#.#########..รท...#
#####o####.[....##.###
##...5o#......#####.#
##....5.5.......####.#
#......@.............#
#................##### #
#................#######
#.......................
#.................######
#...<............#######
##....(........<........
##.....##.....######..#
########...#######..#.


You could see an orc priest, an orc wizard, an orc, a friendly iron imp, a
friendly crimson imp and a friendly shadow imp.

Vanquished Creatures
  A scorpion (D:3)
  A howler monkey (D:3)
  A dart slug (D:3)
  3 bats
  2 giant cockroaches (D:3)
  5 hobgoblins
  2 jackals (D:3)
  2 kobolds
  2 goblins (D:3)
  4 rats
23 creatures vanquished.

Vanquished Creatures (collateral kills)
  5 adders
  A worm (D:3)
  A dart slug (D:2)
  A leopard gecko (D:1)
  An orc (D:3)
  2 goblins (D:2)
  4 hobgoblins
  2 quokkas
  2 bats
  2 kobolds
  2 rats (D:3)
23 creatures vanquished.

Grand Total: 46 creatures vanquished

Notes
Turn   | Place    | Note
-------+----------+-------------------------------------------
     0 | D:1      | CanOfBees the Tengu Summoner began the quest for the Orb.
     0 | D:1      | Reached XP level 1. HP: 10/10 MP: 4/4
   540 | D:1      | Found a shimmering altar of Xom.
   722 | D:1      | Reached skill level 5 in Summonings
   722 | D:1      | Reached XP level 2. HP: 12/15 MP: 6/6
   744 | D:1      | Learned a level 1 spell: Summon Small Mammal
   747 | D:1      | Learned a level 2 spell: Call Imp
  1907 | D:2      | Reached XP level 3. HP: 19/19 MP: 1/8
  2358 | D:3      | Noticed a scorpion
  2374 | D:3      | Killed a scorpion
  2374 | D:3      | Reached XP level 4. HP: 21/24 MP: 1/10
  2521 | D:3      | Learned a level 3 spell: Call Canine Familiar
  2989 | D:3      | Found a glowing golden altar of the Shining One.
  3032 | D:3      | Reached skill level 1 in Fighting
  3032 | D:3      | Gained mutation: You can fly. [Tengu growth]
  3032 | D:3      | Reached XP level 5. HP: 14/29 MP: 11/11
  3525 | D:3      | Found a bloodstained altar of Trog.
  3560 | D:3      | Found a roughly hewn altar of Beogh.
  3567 | D:3      | Killed from afar by an orc wizard

Vault maps used:
D:1:      minmay_arrival_open_corners, solitary_fountain, xom_teletrap_fun
D:3:      old_standard_altar, bloody_trog, kennysheep_orc_chapel

Skill      XL: |  1  2  3  4 |
---------------+-------------+-----
Summonings     | 5 |  5.7
Spellcasting   | 3 |  3.9
Fighting       | 1 |  1.1
Dodging        | |  2.1
Stealth        | |  2.0

Action                   |  1- 3 |  4- 6 || total
-------------------------+-------+-------++-------
Melee: Dagger            |    40 |    37 ||    77
       Kick              |     7 |     7 ||    14
       Peck              |     5 |     7 ||    12
       Unarmed           |     1 |       ||     1
       Short sword       |     2 |       ||     2
 Cast: Summon Small Mamm |    14 |       ||    14
       Call Imp          |    23 |    15 ||    38
  Use: Scroll            |     7 |     3 ||    10
 Stab: Sleeping          |     1 |     2 ||     3
  Eat: Chunk             |     6 |     4 ||    10
Armor: Robe              |    11 |     6 ||    17
Dodge: Dodged            |    58 |    25 ||    83

Table legend:
 A = Non-vault XP
 B = Vault XP
 C = Vault XP percentage of total XP
 D = Non-vault monster count
 E = Vault monster count
 F = Vault count percentage of total count
                 A         B        C        D         E       F
            +---------+---------+-------+---------+---------+-------
      Total |     191 |       0 |   0.0 |      46 |       0 |   0.0
            +---------+---------+-------+---------+---------+-------
        D:1 |      16 |       0 |   0.0 |      11 |       0 |   0.0
        D:2 |      29 |       0 |   0.0 |      12 |       0 |   0.0
        D:3 |     146 |       0 |   0.0 |      23 |       0 |   0.0
            +---------+---------+-------+---------+---------+-------
